 Dungeon Crawl Stone Soup version 0.30-a0-1160-g6e42c06551 (webtiles) character file.

Game seed: 1360080525866949127

7274 lorenzova the Thaumaturge (level 10, -7/43 (45) HPs)
             Began as a Deep Elf Conjurer on Apr 25, 2023.
             Was a Believer of Vehumet.
             Shot with an arrow by a centaur (14 damage)
             ... on level 11 of the Dungeon.
             The game lasted 00:22:43 (14034 turns).

lorenzova the Thaumaturge (Deep Elf Conjurer)      Turns: 14034, Time: 00:22:44

HP:   -7/43 (45)    AC:  4    Str:  3    XL:     10   Next: 89%
MP:   23/29         EV: 12    Int: 38    God:    Vehumet [**....]
Gold: 623           SH:  0    Dex: 12    Spells: 21/36 levels left

rFire   . . .        r - +3 short sword (venom)
rCold   + . .        (no shield)
rNeg    + . .        G - +2 robe of Indemnity {rC+ rN+ SInv}
rPois   +            (no helmet)
rElec   +            (no cloak)
rCorr   .            (no gloves)
SInv    +            (no boots)
Will    ++...        (no amulet)
Stlth   ++           C - ring "Defixt" {rElec rPois Will+ Int+6}
HPRegen 0.27/turn    B - ring of flight
MPRegen 0.21/turn

%: no passive effects
@: flying, lightly drained
A: clever 1, frail 1, subdued magic 1
a: Renounce Religion


You were on level 11 of the Dungeon.
You worshipped Vehumet.
Vehumet was pleased with you.
You visited 2 branches of the dungeon, and saw 12 of its levels.

You collected 665 gold pieces.
You spent 42 gold pieces at shops.

Inventory:

Hand Weapons
 i - a +1 short sword of holy wrath
 r - a +3 short sword of venom (weapon)
Armour
 a - a +0 robe
 y - a +3 buckler
 G - the +2 robe of Indemnity (worn) {rC+ rN+ SInv}
   (You found it on level 8 of the Dungeon)

   rC:        It protects you from cold.
   rN:        It protects you from negative energy.
   SInv:      It lets you see invisible.
 K - +0 acid dragon scales
Magical Staves
 t - a staff of earth
Jewellery
 u - a +5 ring of evasion
 B - a ring of flight (right hand)
 C - the ring "Defixt" (left hand) {rElec rPois Will+ Int+6}
   (You found it on level 6 of the Dungeon)

   [ring of intelligence]

   Int:       It affects your intelligence (+6).
   rElec:     It insulates you from electricity.
   rPois:     It protects you from poison.
   Will:      It increases your willpower.
Wands
 q - a wand of quicksilver (17)
Scrolls
 c - 3 scrolls of magic mapping
 g - 4 scrolls of fog
 l - 5 scrolls of teleportation
 m - 3 scrolls of fear
 n - a scroll of vulnerability {unknown}
 o - a scroll of amnesia
 v - a scroll of poison {unknown}
 w - a scroll of enchant weapon
 z - a scroll of summoning {unknown}
 D - 2 scrolls of immolation
 E - a scroll of enchant armour
 J - 2 scrolls of blinking
Potions
 b - a potion of magic
 d - 4 potions of haste
 e - 9 potions of curing
 f - 3 potions of mutation
 h - 3 potions of might
 j - a potion of lignification {unknown}
 k - 4 potions of heal wounds {unknown}
 p - 2 potions of degeneration {unknown}
 s - a potion of brilliance {unknown}
 x - 2 potions of flight {unknown}
 A - 3 potions of attraction {unknown}
 F - a potion of berserk rage {unknown}
 H - a potion of resistance {unknown}


   Skills:
 - Level 2.4 Dodging
 - Level 2.4 Stealth
 * Level 13.6 Spellcasting
 * Level 12.0 Conjurations
 - Level 6.0 Hexes
 + Level 2.3 Summonings
 + Level 5.8 Translocations
 * Level 3.2 Air Magic


You had 21 spell levels left.
You knew the following spells:

 Your Spells              Type           Power      Damage    Failure   Level
a - Magic Dart            Conj           100%       1d8       0%          1
b - Searing Ray           Conj           100%       2d8       0%          2
c - Iskenderun's Mystic   Conj/Tloc      64%        2d13      1%          4
d - Fulminant Prism       Conj/Hex       32%        3d15      1%          4
l - Summon Lightning Spi  Summ/Air       36%        N/A       3%          4

Your spell library contained the following spells:

 Spells                   Type           Power      Damage    Failure   Level
 Scorch                   Fire           38%        2d6       1%          2
 Sandblast                Erth           38%        2d10      1%          1
 Shock                    Conj/Air       100%       1d9       1%          1
 Passwall                 Tmut/Erth      15%        N/A       1%          2
 Static Discharge         Conj/Air       100%       2-7/arc   1%          2
 Dazzling Flash           Conj/Hex       100%       N/A       1%          3
 Gell's Gravitas          Tloc           52%        N/A       1%          3
 Stone Arrow              Conj/Erth      100%       3d13      1%          3
 Teleport Other           Tloc           52%        N/A       1%          3
 Cause Fear               Hex            26%        N/A       1%          4
 Airstrike                Air            19%        2d(3-19)  2%          4
 Frozen Ramparts          Ice            38%        1d6       3%          3
 Ozocubu's Armour         Ice            19%        N/A       3%          3
 Summon Ice Beast         Ice/Summ       26%        N/A       7%          4
 Animate Dead             Necr           19%        N/A       12%         4
 Ice Form                 Ice/Tmut       19%        N/A       12%         4
 Dispersal                Tloc           26%        N/A       17%         6
 Borgnjor's Vile Clutch   Necr/Erth      9%         N/A       32%         5
 Death Channel            Necr           9%         N/A       89%         6
 Dragon Form              Tmut           9%         N/A       100%        7
 Ozocubu's Refrigeration  Ice            9%         4d9       100%        7
 Dragon's Call            Summ           16%        N/A       100%        9


Dungeon Overview and Level Annotations

Branches:
Dungeon (11/15)            Temple (1/1) D:5            Lair (0/5) D:10
    Orc (0/2) D:10

Altars:
Ashenzari
Cheibriados
Dithmenos
Elyvilon
Fedhas
Gozag
Hepliaklqana
Kikubaaqudgha
Makhleb
Nemelex Xobeh
Okawaru
Qazlal
Ru
Sif Muna
Trog
Uskayaw
Vehumet
Wu Jian
Xom
Yredelemnul
Zin
The Shining One

Shops:
D:5 :   D:6 **([:


Innate Abilities, Weirdness & Mutations

Your mind is acute. (Int +4, Str/Dex -1)
You are frail. (-10% HP)
Your spells are a little easier to cast, but a little less powerful.


Message History

Your lightning spire disappears in a puff of smoke!
Done waiting.
A centaur comes into view.
The centaur shouts! x2; You hear a shout!
There are monsters nearby!
Casting: Summon Lightning Spire (dangerous; 3% risk of failure)
Confirm with . or Enter, or press ? or * to list all spells.
An electric hum fills the air.
The centaur wields a +2 shortbow of draining.
You sense an unholy aura.
The centaur shoots an arrow.
The arrow hits you! You partially resist.
You feel drained.
You start resting.
Your lightning spire shoots out a bolt of lightning at the centaur!
The bolt of electricity hits the centaur!
A centaur is nearby!
You hear a bow twang.
An arrow appears from out of your range of vision.
The arrow hits your lightning spire!
There are monsters nearby!
Casting: Summon Lightning Spire (dangerous; 3% risk of failure)
Confirm with . or Enter, or press ? or * to list all spells.
Aiming: Searing Ray (safe; 0% risk of failure)
Press: ? - help, Shift-Dir - straight line, f - centaur
Aim: a centaur (heavily wounded, ally target, 90% to hit)
The searing ray hits the centaur.
The centaur is severely wounded. (Press . to maintain the ray.)
The centaur wields a +0 shortbow.
The centaur shoots an arrow.
The arrow hits you!
The centaur shoots an arrow.
The arrow hits you! You partially resist.
You feel drained.
The searing ray hits the centaur!
You kill the centaur!
Vehumet accepts your kill.
The centaur shoots an arrow.
The arrow misses you.
A centaur comes into view.
The centaur wields a +0 shortbow.
The centaur shoots an arrow.
The arrow hits you!
* * * LOW HITPOINT WARNING * * *
The centaur shoots an arrow.
The arrow hits you!
You die...

#### #...#
...###...#
...##....#
...#.....#########..
...#.#....##.....c..
...#.#.......#
...#)#...##.c#####
....)...))8.c....##
...)#######...).@.#
....# #)....#..#
#.#.# #.....##....
#.#.# #.....# ##...#
#.#.# #....... ....
#.#.# #........ ..#
..... .......##. .#
#...# ........ #..##


You could see 2 centaurs and a friendly lightning spire (summoned).

Vanquished Creatures
  A two-headed ogre (D:10)
  An elephant (D:10)
  A komodo dragon (D:9)
  A hornet (D:9)
  2 trolls
  2 shadows
  Sigmund (D:2)
  2 wyverns (D:10)
  A wraith (D:10)
  A vampire (D:7)
  5 yaks (D:8)
  2 steam dragons
  2 acid dragons (D:9)
  A water moccasin (D:4)
  An orc warrior (D:9)
  2 ice beasts
  2 black bears (D:10)
  2 sky beasts (D:7)
  An ogre (D:4)
  3 centaurs
  A phantom (D:4)
  4 bullfrogs
  3 kobold brigands
  4 scorpions
  4 gnoll sergeants
  7 howler monkeys
  3 hounds
  2 orc priests
  A gnoll bouda (D:8)
  Jessica (D:3)
  Ijyb (D:3)
  Natasha (thrice) (D:2)
  An iguana (D:5)
  A sleepcap (D:5)
  5 orc wizards
  16 gnolls
  4 adders
  4 ufetubi (D:5)
  4 worms
  A dart slug (D:4)
  24 orcs
  7 endoplasms
  A giant cockroach (D:4)
  5 goblins
  6 hobgoblins
  2 quokkas (D:1)
  10 ball pythons
  13 bats
  2 frilled lizards
  20 kobolds
  3 rats (D:1)
197 creatures vanquished.

Vanquished Creatures (collateral kills)
  2 orc wizards (D:11)
  4 orcs (D:11)
6 creatures vanquished.

Vanquished Creatures (others)
  33 fulminant prisms
  4 fungi (D:5)
37 creatures vanquished.

Grand Total: 240 creatures vanquished

Notes
Turn   | Place    | Note
-------+----------+-------------------------------------------
     0 | D:1      | lorenzova the Deep Elf Conjurer began the quest for the
                  | Orb.
     0 | D:1      | Reached XP level 1. HP: 10/10 MP: 6/6
   457 | D:1      | Reached XP level 2. HP: 15/15 MP: 3/8
   503 | D:1      | Learned a level 2 spell: Searing Ray
   828 | D:1      | Reached skill level 4 in Spellcasting
   884 | D:1      | Reached skill level 5 in Conjurations
   884 | D:1      | Reached XP level 3. HP: 19/19 MP: 4/10
  1504 | D:2      | Found a white marble altar of Elyvilon.
  1581 | D:2      | Noticed Sigmund
  1591 | D:2      | Killed Sigmund
  1592 | D:2      | Reached skill level 5 in Spellcasting
  1592 | D:2      | Reached XP level 4. HP: 24/24 MP: 1/13
  1592 | D:2      | Reached XP level 5. HP: 28/28 MP: 1/15
  1757 | D:2      | Noticed Natasha
  1761 | D:2      | Killed Natasha
  1762 | D:2      | Reached skill level 6 in Spellcasting
  2286 | D:2      | Noticed Natasha
  2288 | D:2      | Killed Natasha
  2502 | D:2      | Noticed Natasha
  2507 | D:2      | Killed Natasha
  2508 | D:2      | Reached XP level 6. HP: 32/32 MP: 11/17
  2637 | D:3      | Found a faded altar of an unknown god.
  2660 | D:3      | Noticed Ijyb
  2668 | D:3      | Killed Ijyb
  2828 | D:3      | Noticed Jessica
  2833 | D:3      | Killed Jessica
  3596 | D:3      | Found a shadowy altar of Dithmenos.
  4006 | D:4      | Reached skill level 7 in Spellcasting
  4064 | D:4      | Reached XP level 7. HP: 36/36 MP: 5/20
  4317 | D:4      | Reached skill level 8 in Spellcasting
  4825 | D:5      | Entered Level 5 of the Dungeon
  5337 | D:5      | Found an ornate altar of the Wu Jian Council.
  5339 | D:5      | Found a sparkling altar of Nemelex Xobeh.
  5345 | D:5      | Gained mutation: You are frail. (-10% HP) [potion of
                  | mutation]
  5345 | D:5      | Gained mutation: Your spells are a little easier to cast,
                  | but a little less powerful. [potion of mutation]
  5345 | D:5      | Gained mutation: Your mind is acute. (Int +4, Str/Dex -1)
                  | [potion of mutation]
  5351 | D:5      | Learned a level 4 spell: Iskenderun's Mystic Blast
  5356 | D:5      | Learned a level 4 spell: Fulminant Prism
  5511 | D:5      | Found a staircase to the Ecumenical Temple.
  5576 | Temple   | Entered the Ecumenical Temple
  5601 | Temple   | Became a worshipper of Vehumet
  5849 | D:5      | Found Jibu's Book Shoppe.
  6003 | D:6      | Found Deovoyho's Book Emporium.
  6031 | D:6      | Identified the ring "Defixt" {rElec rPois Will+ Int+6}
  6130 | D:6      | Reached skill level 9 in Spellcasting
  6130 | D:6      | Reached XP level 8. HP: 18/36 MP: 13/23
  6246 | D:6      | Found Ajutsibb's Antique Armour Shoppe.
  6278 | D:6      | Found Elim's Antique Weapon Shoppe.
  6372 | D:6      | Found Yduah's General Store.
  6374 | D:6      | Found Miokoclo's Specific Store.
  6382 | D:6      | Bought a scroll of teleportation for 42 gold pieces
  6419 | D:6      | Reached skill level 1 in Hexes
  6616 | D:6      | Reached skill level 1 in Translocations
  7266 | D:7      | Reached skill level 10 in Spellcasting
  8003 | D:7      | Found a stormy altar of Qazlal.
  8006 | D:7      | Found a sacrificial altar of Ru.
  8011 | D:7      | Found a white marble altar of Elyvilon.
  8106 | D:7      | Noticed a skeletal warrior
  8236 | D:7      | Reached XP level 9. HP: 40/40 MP: 10/25
  9055 | D:8      | Reached skill level 11 in Spellcasting
  9236 | D:8      | Reached skill level 10 in Conjurations
  9310 | D:8      | Identified the +2 robe of Indemnity {rC+ rN+ SInv}
 10223 | D:8      | Found a burning altar of Makhleb.
 10549 | D:8      | Reached skill level 5 in Hexes
 10795 | D:9      | Reached * piety under Vehumet
 10795 | D:9      | Offered knowledge of Shock by Vehumet.
 11095 | D:9      | Reached skill level 12 in Spellcasting
 11314 | D:9      | Reached XP level 10. HP: 45/45 MP: 18/28
 11915 | D:9      | Reached skill level 5 in Translocations
 12316 | D:9      | Learned a level 1 spell: Shock
 12372 | D:9      | Learned a level 4 spell: Summon Lightning Spire
 12395 | D:10     | Entered Level 10 of the Dungeon
 12548 | D:10     | Found a staircase to the Orcish Mines.
 12553 | D:10     | Offered knowledge of Scorch by Vehumet.
 12554 | D:10     | Reached ** piety under Vehumet
 12704 | D:10     | Reached skill level 13 in Spellcasting
 12704 | D:10     | Reached skill level 1 in Air Magic
 12724 | D:10     | Reached skill level 1 in Summonings
 12744 | D:10     | Noticed an elephant
 12755 | D:10     | Killed an elephant
 12947 | D:10     | Noticed a two-headed ogre
 12962 | D:10     | Killed a two-headed ogre
 13486 | D:10     | Found a staircase to the Lair.
 14034 | D:11     | Shot with an arrow by a centaur

Illustrated notes

Levels and vault maps discovered:
D:1:      lightli_arrival_farm, layout_loops_ring, minmay_tall_x
D:2:      layout_loops_cross, basic_altar, minivault_24, uniq_natasha,
          uniq_sigmund
D:3:      layout_basic, nicolae_dithmenos_the_darkroom,
          hellmonk_ecumenical_altar_arch_garden, nrook_mini_backslash,
          serial_park_tiny_pond, kennysheep_minor_cross, uniq_ijyb, uniq_jessica
D:4:      layout_rooms
D:5:      layout_rooms, chequers_temple_overflow_statue_of_worship,
          lemuel_temple_firewalk_b, serial_shops, kennysheep_little_box,
          dreamdust_mushroom_princess
D:6:      layout_basic, serial_shops, nicolae_shop_back_alley_shop,
          nicolae_shop_tiny_glass, nicolae_shop_behind_doors,
          nicolae_specific_store
D:7:      minmay_cornered_nines, layout_loops_ring,
          grunt_temple_overflow_diamond
D:8:      layout_layer_cave, bloody_makhleb
D:9:      layout_long_grid, minmay_diced_spiral
D:10:     layout_basic, david_lair_generic, orc_0_dummy, st_stairs_1
D:11:     layout_rooms, serial_shops, nicolae_book_shop_shelving
Temple:   hellmonk_temple_of_storms

Skill      XL: |  1  2  3  4  5  6  7  8  9 10 |
---------------+-------------------------------+-----
Spellcasting   | 4 5 6 7 9 10 12 13 | 13.6
Conjurations   | 5 6 7 8 9 11 12 | 12.0
Hexes          | 3 5 6 |  6.0
Translocations | 2 4 5 |  5.8
Air Magic      | 3 |  3.2
Summonings     | 2 |  2.3
Dodging        | |  2.4
Stealth        | |  2.4

Action                     |  1- 3 |  4- 6 |  7- 9 | 10-12 || total
---------------------------+-------+-------+-------+-------++-------
  Melee: Short sword       |       |       |     2 |     6 ||     8
   Cast: Magic Dart        |    68 |    61 |   121 |    26 ||   276
         Searing Ray       |     2 |    10 |    24 |     4 ||    40
         Iskenderun's Myst |       |       |    47 |    36 ||    83
         Fulminant Prism   |       |       |    22 |    12 ||    34
         Summon Lightning  |       |       |       |     4 ||     4
    Use: Scroll            |       |     3 |     3 |     6 ||    12
         Potion            |       |       |     1 |       ||     1
 Armour: Robe              |     3 |       |     2 |     2 ||     7
  Dodge: Dodged            |     4 |     2 |    46 |    15 ||    67

Table legend: (Time is in decaauts)
 A = Elapsed time spent in this place.
 B = Non-inter-level travel time spent in this place.
 C = Inter-level travel time spent in this place.
 D = Time resting spent in this place.
 E = Time spent auto-exploring this place.
 F = Levels seen in this place.
 G = Mean time per level.
                   A        B        C        D        E       F      G
               +--------+--------+--------+--------+--------+-----+--------+
         Total |  14066 |  13646 |    420 |   5883 |   6278 |  12 | 1172.2 |
       Dungeon |  14018 |  13619 |    399 |   5883 |   6267 |  11 | 1274.4 |
        Temple |     47 |     26 |     21 |      0 |     11 |   1 |   47.0 |
               +--------+--------+--------+--------+--------+-----+--------+

Top non-repeatable levels by time:
     D:7: 2030 daAuts
     D:8: 1791 daAuts
     D:9: 1520 daAuts
     D:1: 1340 daAuts
    D:10: 1312 daAuts
     D:3: 1285 daAuts
     D:2: 1242 daAuts
     D:4: 1216 daAuts
     D:6: 1110 daAuts
     D:5: 841 daAuts
    D:11: 325 daAuts
  Temple: 47 daAuts
